 Dungeon Sprint DCSS version 0.21-a0-417-g0adc95b (webtiles) character file.

7698 theanonym the Basher (level 11, 0/93 HPs)
             Began as a Human Fighter on Nov 3, 2017.
             Was the Champion of Makhleb.
             Slain by Donald
             ... wielding a +0 long sword
              (29 damage)
             ... in the Dungeon (Sprint V: "Ziggurat Sprint").
             The game lasted 00:10:15 (822 turns).

theanonym the Basher (Human Fighter)                 Turns: 822, Time: 00:10:15

Health: 0/93       AC: 32    Str: 29    XL:     11   Next: 42%
Magic:  17/17      EV:  6    Int:  8    God:    Makhleb [******]
Gold:   0          SH: 31    Dex: 11    Spells: 10/10 levels left

rFire    . . .     SeeInvis .   n - +6 shillelagh "Devastator" {shatter}
rCold    . . .     Gourm    .   l - +18 shield of the Gong {rElec rN+ MR+ EV-5}
rNeg     + + .     Faith    .   i - +15 Maxwell's patent armour {-Cast -Tele rElec MR+ rCorr}
rPois    +         Spirit   .   (no helmet)
rElec    +         Reflect  .   (no cloak)
rCorr    +         Harm     .   (no gloves)
MR       ++...     NoTele   +   y - +1 pair of boots {Fly} Stlth ..........NoCast +
                                o - amulet of Tuaty {rN+ Regen+}
HPRegen  0.65/turn              J - +6 ring of strength
MPRegen  0.15/turn              u - ring "Tieff" {rPois Str+4 Dex-3}

@: lethally poisoned (0 -> -3), flying, hasted, studying Shields, very quick
A: no striking features
a: Minor Destruction, Lesser Servant of Makhleb, Major Destruction, Greater
Servant of Makhleb, Renounce Religion, Stop Flying


You were in the Dungeon.
You worshipped Makhleb.
Makhleb was exalted by your worship.
You were not hungry.

You visited 1 branch

Inventory:

Hand Weapons
 n - the +6 shillelagh "Devastator" (weapon) {shatter}
   (You found it in the Dungeon)
Armour
 a - +5 gold dragon scales
   (You found it in the Dungeon)
 i - the +15 Maxwell's patent armour (worn) {-Cast -Tele rElec MR+ rCorr}
   (You found it in the Dungeon)

   It insulates you from electricity.
   It affects your resistance to hostile enchantments.
   It prevents spellcasting.
   It prevents most forms of teleportation.
   It protects you from acid and corrosion.
 l - the +18 shield of the Gong (worn) {rElec rN+ MR+ EV-5}
   (You found it in the Dungeon)

   It affects your evasion (-5).
   It insulates you from electricity.
   It protects you from negative energy.
   It affects your resistance to hostile enchantments.
 y - a +1 pair of boots of flying (worn)
   (You found it in the Dungeon)
Jewellery
 c - an uncursed ring of see invisible
   (You found it in the Dungeon)
 o - the amulet of Tuaty (around neck) {rN+ Regen+}
   (You found it in the Dungeon)

   [amulet of regeneration]

   It protects you from negative energy.
   It increases your rate of regeneration.
 u - the ring "Tieff" (right hand) {rPois Str+4 Dex-3}
   (You found it in the Dungeon)

   [ring of poison resistance]

   It affects your strength (+4).
   It affects your dexterity (-3).
   It protects you from poison.
 J - a +6 ring of strength (left hand)
   (You found it in the Dungeon)
Wands
 C - a wand of acid (5/15)
   (You found it in the Dungeon)
Scrolls
 k - 4 scrolls of blinking
 p - 7 scrolls of fog {!r}
 q - a scroll of holy word
 r - 5 scrolls of identify
 s - 5 scrolls of remove curse
 t - 2 scrolls of fear {!r}
Potions
 d - 6 potions of might
 e - 11 potions of curing
 g - 9 potions of heal wounds
 h - 9 potions of haste
 j - 3 potions of berserk rage
 v - 2 potions of invisibility
 w - 4 potions of resistance
 z - 5 potions of agility
Books
 x - a manual of Shields
   (You found it in the Dungeon)
Miscellaneous
 b - a fan of gales
   (You found it in the Dungeon)
 A - a phantom mirror
Comestibles
 f - 5 bread rations
 m - 4 meat rations


   Skills:
 + Level 11.5 Fighting
 - Level 14.0 Maces & Flails
 + Level 11.5 Armour
 + Level 9.6 Dodging
 + Level 11.8 Shields
 * Level 8.9 Invocations


You had 10 spell levels left.
You didn't know any spells.

Dungeon Overview and Level Annotations

Branches:
Dungeon (1/1)

Altars:
Ashenzari
Cheibriados
Dithmenos
Elyvilon
Fedhas
Gozag
Hepliaklqana
Kikubaaqudgha
Makhleb
Nemelex Xobeh
Okawaru
Qazlal
Ru
Sif Muna
Trog
Uskayaw
Vehumet
Wu Jian
Xom
Yredelemnul
Zin
The Shining One
Beogh
Jiyva
Lugonu

Annotations:
D 1 transporter, Donald, Eustachio, Polyphemus, Urug


Message History

You are too injured to fight recklessly!
You are too injured to fight recklessly!
You are too injured to fight recklessly!
You are too injured to fight recklessly!
You are too injured to fight recklessly!
You take 13 damage, and have 74/93 hp.
You are too injured to fight recklessly!
You are too injured to fight recklessly!
You are too injured to fight recklessly!
You are too injured to fight recklessly!
You are too injured to fight recklessly!
You are too injured to fight recklessly!
Your Maxwell's patent armour prevents you from hitting Aizul.
You feel sick. You block Aizul's attack.
SHROANNG!
You block Polyphemus's attack.
BOUMMMMG!
Polyphemus hits you but does no damage.
Donald mumbles some strange words.
Donald seems to grow stronger.
Aizul barely misses you.
You hit Aizul but do no damage. You block Polyphemus's attack.
PTOANNNG!
You block Polyphemus's attack.
BOUMMMMG!
Eustachio mumbles some strange words.
Eustachio blinks!
You closely miss Aizul.
You feel sick. Aizul casts a spell at you. The poison arrow hits you!
You are more poisoned.
You partially resist.
Donald casts a spell.
Donald seems to speed up.
You take 17 damage, and have 57/93 hp.
Unknown command.
Unknown command.
You thump Aizul!
Aizul, Donald, Polyphemus and Urug shudder.
You kill Aizul!
Makhleb accepts your kill.
You feel better.
Your Invocations skill increases to level 8!
You feel sick. You block Donald's attack.
BONNNG!
You block Polyphemus's attack.
BOUMMMMG!
Polyphemus hits you!
Eustachio mumbles some strange words.
Eustachio blinks!
You regained 15 hp, and now have 72/93 hp.
You hit Urug but do no damage.
You feel sick. You block Donald's attack.
SHROANNG!
You block Polyphemus's attack.
GONNNNG!
You block Polyphemus's attack.
PTOANNNG!
You hit Urug but do no damage.
You feel sick.
Urug hits you with a long sword of protection!
You take 12 damage, and have 60/93 hp.
You closely miss Urug.
You feel sick. Donald hits you but does no damage.
You block Polyphemus's attack.
BOUMMMMG!
Polyphemus barely misses you.
Eustachio gestures wildly while chanting.
Eustachio blinks!
You take 2 damage, and have 58/93 hp.
You closely miss Urug.
You feel sick. You block Donald's attack.
GONNNNG!
Urug hits you with a long sword of protection.
Polyphemus hits you!!
* * * LOW HITPOINT WARNING * * *
You block Polyphemus's attack.
PTOANNNG!
You take 25 damage, and have 33/93 hp.
MASSIVE DAMAGE!!
You hit Urug but do no damage.
You feel sick. You block Donald's attack.
SHROANNG!
You block Urug's attack.
PTOANNNG!
You take 1 damage, and have 32/93 hp.
You hit Urug.
Urug, Donald, Polyphemus and the rat shudder.
You kill the rat!
The rat's corpse disappears in a puff of smoke!
Donald says, "Don't blow yourself up, now."
You block Donald's attack.
PTOANNNG!
Polyphemus hits you!!
* * * LOW HITPOINT WARNING * * *
You block Polyphemus's attack.
PTOANNNG!
You take 28 damage, and have 4/93 hp.
MASSIVE DAMAGE!!
You feel much better.
You feel sick. You block Donald's attack.
SHROANNG!
You block Urug's attack.
GONNNNG!
Polyphemus completely misses you. You block Polyphemus's attack.
PTOANNNG!
You regained 25 hp, and now have 29/93 hp.
You feel yourself speed up.
You feel sick. Donald hits you with a long sword!!
You die...

▓▓▓▓▓▓▓▓▓▓▓▓▓▓▓▓▓▓▓
▓...8©8...▓...8©8...▓
▓..[[).|..▓..:)).[..▓
▓..))[[:..▓....}.|..▓
▓.........▓.........▓
▓.........▓....))...▓
▓....@....▓...)))...▓
▓..@oC....▓...).)...▓
▓...@.....▓.........▓
▓....(....▓....©....▓
▓....©....▓▓▓▓▓▓▓▓▓▓▓
▓▓▓▓▓▓▓▓▓▓▓


You could see Polyphemus, Donald, Urug and Eustachio.

Vanquished Creatures
  Aizul (D)
  A balrug (D)
  A dancing weapon (D)
  Erica (D)
  A thrashing horror (D)
  A deep elf archer (D)
  A deep elf mage (D)
  Grinder (D)
  Sigmund (D)
  A tarantella (D)
  A fire elemental (D)
  A basilisk (D)
  A yak (D)
  Edmund (D)
  3 hell hounds (D)
  Duvessa (D)
  2 orc warriors (D)
  A wolf (D)
  Blork the orc (D)
  A bullfrog (D)
  A small abomination (D)
  Dowan (D)
  4 scorpions (D)
  2 quasits (D)
  3 orc priests (D)
  Crazy Yiuf (D)
  2 iron imps (D)
  4 orc wizards (D)
  Jessica (D)
  3 iguanas (D)
  A river rat (D)
  An ufetubus (D)
  An adder skeleton (D)
  2 orcs (D)
  A bat skeleton (D)
  2 jackals (D)
  A jackal zombie (D)
  A fire vortex (D)
55 creatures vanquished.

Vanquished Creatures (others)
  A fire vortex (D)
1 creature vanquished.

Grand Total: 56 creatures vanquished

Notes
Turn   | Place    | Note
-------+----------+-------------------------------------------
     0 | D        | Found the +6 Majin-Bo {vamp, Archmagi MP+6 Int+6}
     0 | D        | Found the +7 great mace "Firestarter" {inner flame, rF++}
     0 | D        | theanonym the Human Fighter began the quest for the Orb.
     0 | D        | Reached XP level 1. HP: 18/18 MP: 1/1
     2 | D        | Found a blossoming altar of Fedhas.
     3 | D        | Found a viscous altar of Jiyva.
     3 | D        | Found a hazy altar of Hepliaklqana.
     3 | D        | Found a transporter.
     3 | D        | Found an opulent altar of Gozag.
     3 | D        | Found an ancient bone altar of Kikubaaqudgha.
     3 | D        | Found a corrupted altar of Lugonu.
     8 | D        | Found a burning altar of Makhleb.
     9 | D        | Found a stormy altar of Qazlal.
     9 | D        | Found a sacrificial altar of Ru.
     9 | D        | Found an iron altar of Okawaru.
     9 | D        | Found a deep blue altar of Sif Muna.
     9 | D        | Found a sparkling altar of Nemelex Xobeh.
     9 | D        | Found a bloodstained altar of Trog.
    43 | D        | Found the +9 heavy crossbow "Sniper" {velocity, Acc+∞ SInv}
    43 | D        | Found the +10 dark maul {crush}
    43 | D        | Found the +15 Maxwell's patent armour {-Cast -Tele rElec MR+ rCorr}
    43 | D        | Found the +18 shield of the Gong {rElec rN+ MR+ EV-5}
    43 | D        | Found the cursed +14 obsidian axe {chop, +Fly SInv *Curse}
    45 | D        | Found the +6 shillelagh "Devastator" {shatter}
    45 | D        | Found the +11 plutonium sword {*Contam Stlth-}
    45 | D        | Found the +8 lance "Wyrmbane" {slay drac, rPois rF+ rC+ AC+3}
    45 | D        | Found the +9 sword of Zonguldrok {reap}
    45 | D        | Found the cursed +13 scythe of Curses {drain, *Curse}
    45 | D        | Found the +0 sword of Power
    45 | D        | Found the +12 mace of Variability {chaos}
    45 | D        | Found the +7 Singing Sword
    45 | D        | Found the +7 longbow "Piercer" {penet, EV-2}
    72 | D        | Became a worshipper of Makhleb the Destroyer
    79 | D        | Reached skill level 7 in Maces & Flails
    79 | D        | Reached XP level 2. HP: 24/24 MP: 2/2
   122 | D        | Entered arena 2.
   122 | D        | Found a transporter.
   124 | D        | Reached skill level 8 in Maces & Flails
   124 | D        | Reached XP level 3. HP: 29/29 MP: 3/3
   125 | D        | Reached XP level 4. HP: 23/37 MP: 4/4
   236 | D        | Entered arena 3.
   236 | D        | Noticed a scimitar of holy wrath
   236 | D        | Noticed a deep elf mage
   236 | D        | Noticed a deep elf archer
   236 | D        | Found a transporter.
   244 | D        | Noticed a red devil
   247 | D        | Killed a deep elf mage
   247 | D        | Reached * piety under Makhleb
   247 | D        | Reached skill level 6 in Fighting
   247 | D        | Reached skill level 11 in Maces & Flails
   247 | D        | Reached skill level 6 in Armour
   247 | D        | Reached skill level 6 in Shields
   247 | D        | Reached XP level 5. HP: 27/47 MP: 5/5
   247 | D        | Reached XP level 6. HP: 30/53 MP: 6/6
   247 | D        | Reached XP level 7. HP: 34/59 MP: 7/7
   258 | D        | Killed a scimitar of holy wrath
   258 | D        | Reached skill level 7 in Fighting
   258 | D        | Reached skill level 12 in Maces & Flails
   258 | D        | Reached skill level 7 in Armour
   258 | D        | Reached skill level 3 in Dodging
   258 | D        | Reached skill level 7 in Shields
   258 | D        | Reached XP level 8. HP: 19/68 MP: 8/8
   261 | D        | Killed a deep elf archer
   261 | D        | Reached ** piety under Makhleb
   261 | D        | Reached skill level 8 in Fighting
   261 | D        | Reached skill level 13 in Maces & Flails
   261 | D        | Reached skill level 8 in Armour
   261 | D        | Reached skill level 4 in Dodging
   261 | D        | Reached skill level 8 in Shields
   261 | D        | Reached XP level 9. HP: 22/75 MP: 9/9
   501 | D        | Entered arena 4.
   501 | D        | Found a transporter.
   504 | D        | Reached skill level 5 in Dodging
   523 | D        | Entered arena 5.
   523 | D        | Found a transporter.
   529 | D        | Reached *** piety under Makhleb
   541 | D        | Got the ring "Tieff" {rPois Str+4 Dex-3}
   546 | D        | Entered arena 6.
   546 | D        | Found a transporter.
   547 | D        | Found the +7 great mace "Undeadhunter" {disrupt, rN+}
   550 | D        | Reached **** piety under Makhleb
   551 | D        | Reached skill level 9 in Fighting
   551 | D        | Reached skill level 9 in Armour
   551 | D        | Reached skill level 9 in Shields
   552 | D        | Reached skill level 6 in Dodging
   558 | D        | Entered arena 7.
   559 | D        | Found a transporter.
   563 | D        | Reached ***** piety under Makhleb
   563 | D        | Reached skill level 14 in Maces & Flails
   659 | D        | Entered arena 8.
   660 | D        | Reached XP level 10. HP: 83/83 MP: 10/10
   661 | D        | Found a transporter.
   666 | D        | Reached ****** piety under Makhleb
   671 | D        | Got the cursed +0 pearl dragon scales of the Black Moon {rN+ MP+9}
   675 | D        | Entered arena 9.
   675 | D        | Noticed a balrug
   675 | D        | Noticed a thrashing horror
   676 | D        | Found a transporter.
   682 | D        | Reached skill level 7 in Dodging
   684 | D        | Killed a thrashing horror
   684 | D        | Reached skill level 10 in Fighting
   684 | D        | Reached skill level 10 in Armour
   684 | D        | Reached skill level 10 in Shields
   689 | D        | Killed a balrug
   689 | D        | Reached skill level 8 in Dodging
   689 | D        | Reached skill level 5 in Invocations
   728 | D        | Entered arena 10.
   728 | D        | Noticed Sigmund
   728 | D        | Noticed Jessica
   728 | D        | Noticed Blork the orc
   728 | D        | Noticed Crazy Yiuf
   728 | D        | Noticed Dowan
   728 | D        | Noticed Duvessa
   728 | D        | Noticed Edmund
   728 | D        | Noticed Erica
   729 | D        | Found a transporter.
   732 | D        | Killed Jessica
   733 | D        | Killed Crazy Yiuf
   734 | D        | Killed Erica
   734 | D        | Reached skill level 6 in Invocations
   734 | D        | Reached XP level 11. HP: 92/92 MP: 13/15
   734 | D        | Killed Duvessa
   734 | D        | Killed Dowan
   734 | D        | Killed Edmund
   734 | D        | Reached skill level 11 in Shields
   737 | D        | Killed Blork the orc
   737 | D        | Reached skill level 11 in Armour
   740 | D        | Killed Sigmund
   740 | D        | Reached skill level 11 in Fighting
   740 | D        | Reached skill level 9 in Dodging
   757 | D        | Got the amulet of Tuaty {rN+ Regen+}
   771 | D        | Entered arena 11.
   772 | D        | Found a transporter.
   775 | D        | Reached skill level 7 in Invocations
   799 | D        | Entered arena 12.
   799 | D        | Noticed Aizul
   799 | D        | Noticed Urug
   800 | D        | Noticed Polyphemus
   800 | D        | Noticed Grinder
   800 | D        | Noticed Eustachio
   800 | D        | Noticed Donald
   801 | D        | Found a transporter.
   804 | D        | Killed Grinder
   814 | D        | Killed Aizul
   814 | D        | Reached skill level 8 in Invocations
   820 | D        | HP: 4/93 [Polyphemus (29)]
   822 | D        | Slain by Donald

Vault maps used:
D:        sprint_v

Skill      XL: |  1  2  3  4  5  6  7  8  9 10 11 |
---------------+----------------------------------+-----
Maces & Flails | 7 8 11 12 13 14 | 14.0
Fighting       | 6 7 8 9 10 11 | 11.5
Armour         | 6 7 8 9 10 11 | 11.5
Shields        | 6 7 8 9 10 11 | 11.8
Dodging        | 3 4 6 8 9 |  9.6
Invocations    | 6 8 |  8.9

Action                   |  1- 3 |  4- 6 |  7- 9 | 10-12 || total
-------------------------+-------+-------+-------+-------++-------
Melee: Shillelagh        |     2 |    10 |    45 |    60 ||   117
  Use: Potion            |     1 |       |       |     2 ||     3
Armor: Plate armour      |     1 |     4 |     4 |    19 ||    28
Dodge: Dodged            |       |       |     1 |     6 ||     7
Block: Shield            |       |    16 |    41 |    69 ||   126

Table legend:
 A = Spawn XP
 B = Non-spawn XP
 C = Spawn XP percentage of total XP
 D = Spawn monster count
 E = Non-spawn monster count
 F = Spawn count percentage of total count
 G = Total turns spent on level
                    A         B        C        D         E        F      G
               +---------+---------+-------+---------+---------+-------+---------
         Total |       0 |   10989 |   0.0 |       0 |      54 |   0.0 |   822
               +---------+---------+-------+---------+---------+-------+---------
             D |       0 |   10989 |   0.0 |       0 |      54 |   0.0 |   822
               +---------+---------+-------+---------+---------+-------+---------
